Map: Eternal Empire LE

Players

Future - Winner!

  • Race: Terran Terran
  • Spawn Location: 7:00

Sarrel

  • Race: Terran Terran
  • League: Grandmaster
  • Spawn Location: 1:00

VOD

Have the link to the VOD?

Description

Time

  • Played on: May 28, 2020, 11:24 a.m.
  • Length: 5:36
Show
View Real Time Build Order
Export as new Build Order

Future Terran - Winner!

Build Orders:  

Get SALT Encoding   

  12  0:00  SCV  
  13  0:13  SCV  
  14  0:18  Supply Depot  
  14  0:42  Barracks, Refinery  
  14  0:56  Barracks  
  14  1:00  SCV  
  15  1:12  SCV  
  16  1:29  Orbital Command, Reaper  
  17  1:34  Refinery  
  17  1:43  Reaper  
  18  1:54  SCV  
  18  2:01  Reaper  
  20  2:03  Supply Depot  
  20  2:06  SCV  
  21  2:15  Reaper  
  22  2:18  SCV  
  23  2:30  Factory  
  23  2:31  SCV  
  24  2:37  Reaper  
  24  2:43  SCV  
  26  2:48  Supply Depot, Reaper  
  27  2:55  SCV  
  28  3:07  SCV  
  29  3:15  Factory Tech Lab  
  29  3:25  SCV, Command Center  
  30  3:36  Cyclone  
  30  3:37  SCV  
  34  3:44  Starport  
  34  3:49  SCV  
  35  4:00  Supply Depot  
  35  4:01  SCV  
  36  4:13  SCV  
  36  4:14  Factory Reactor  
  37  4:25  SCV  
  37  4:27  Engineering Bay  
  37  4:29  Raven  
  40  4:37  SCV  
  41  4:38  Orbital Command  
  41  4:41  Refinery  
  41  4:49  SCV  
  41  4:50  Barracks Tech Lab  
  42  4:59  Factory Reactor, Marine x2  
  44  5:01  SCV  
  44  5:03  SCV  
  44  5:04  Barracks  
  44  5:06  Supply Depot  
  46  5:14  SCV  
  47  5:15  Marine  
  47  5:16  SCV  
  47  5:17  Marine  
  47  5:18  Marine  
  53  5:29  Supply Depot  
Show
View Real Time Build Order
Export as new Build Order

Sarrel Terran 

Build Orders:  

Get SALT Encoding   

  12  0:01  SCV  
  13  0:13  SCV  
  14  0:17  Supply Depot  
  14  0:25  SCV  
  15  0:38  SCV  
  15  0:40  Barracks  
  16  0:43  Refinery  
  16  0:50  SCV  
  17  0:59  Barracks  
  17  1:03  SCV  
  18  1:15  SCV  
  19  1:27  Orbital Command, Reaper  
  20  1:33  Supply Depot  
  20  1:46  Reaper  
  21  1:50  Refinery  
  21  1:52  SCV  
  22  2:03  Reaper  
  22  2:04  SCV  
  24  2:16  SCV  
  24  2:18  Reaper  
  26  2:27  Supply Depot  
  26  2:29  SCV  
  27  2:35  Reaper  
  28  2:41  SCV  
  29  2:45  Command Center  
  29  2:51  Factory  
  29  2:53  Marine  
  29  2:59  SCV  
  30  3:07  Marine  
  30  3:11  SCV, Marine  
  33  3:14  Supply Depot  
  33  3:23  SCV  
  33  3:24  Marine  
  35  3:29  Marine  
  36  3:35  Hellion  
  36  3:36  Starport  
  36  3:38  SCV  
  39  3:45  Barracks Reactor  
  39  3:47  Barracks Tech Lab  
  39  3:50  SCV  
  40  3:56  Hellion  
  40  4:02  SCV  
  43  4:12  Starport Tech Lab  
  43  4:14  SCV  
  44  4:21  Orbital Command  
  44  4:22  Marine x2  
  44  4:23  Marine  
  47  4:26  SCV  
  47  4:27  Cyclone  
  47  4:30  Refinery  
  51  4:33  Raven  
  54  4:38  SCV  
  54  4:43  Supply Depot  
  54  4:44  Marine x2  
  54  4:45  Marine  
  57  4:47  SCV  
  57  4:51  SCV  
  59  4:59  Siege Tank  
  62  5:00  Supply Depot  
  62  5:05  SCV x2  
  64  5:21  Command Center  
  66  5:23  SCV  
  66  5:24  SCV  
  66  5:27  Refinery  
Tags
 
Matchup
TvT
Player
Future
Race
Terran
Spawn Locations
Cross Positions
Add a new tag
Caveats
  • Supply blocks, unpowered buildings, or Contaminate may cause inaccurate times.
  • Supply counts are checked every 10 seconds.